AoeStats
← pascapas

Fortress

507582671Analyzed
4v4 RM · 15d ago on Sep 18, 2026· 35m 8s· 8 players
Game mode
Random Map
Map size
Huge
Population
200
Speed
Normal
Resources
Standard
Victory
Conquest
Starting age
Dark Age
Ending age
Imperial Age
RankedLock teamsTeams togetherTeam positionsShared explorationLock speedFull tech treeHidden civsTurbo modeCheats
Victory
Defeat
🇨🇳 Goths · China
972
+11
🇬🇧 Spanish · United Kingdom
940
+13
🇨🇳 Persians · China
898
+14
🇹🇷 Turks · Türkiye
879
+15
🇫🇷 Saracens · France
989
-18
🇹🇷 Khmer · Türkiye
829
-12
🇹🇷 Persians · Türkiye
829
-12
🇨🇭 Chinese · Switzerland
814
-11
仰枫
6:57 Feudal Age
10:54 Castle Age
9:15 Double-Bit Axe
9:46 Horse Collar
13:24 Wheelbarrow
19:06 Bow Saw
18:59 Heavy Plow
22:40 Scale Barding Armor
22:45 Forging
23:01 Stone Mining
23:02 Gold Mining
27:52 Imperial Age
25:09 Loom
25:59 Husbandry
26:09 Bloodlines
26:40 Iron Casting
27:07 Chain Barding Armor
28:47 Masonry
29:04 Ballistics
29:24 Plate Barding Armor
29:49 Blast Furnace
29:15 Conscription
28:33 Elite War Elephant
30:28 Caravan
31:01 Architecture
31:36 Chemistry
33:20 Hoardings
33:19 Murder Holes
XII. Ahmet
9:39 Feudal Age
11:03 Wheelbarrow
10:11 Horse Collar
10:20 Double-Bit Axe
10:50 Stone Mining
10:52 Gold Mining
16:51 Castle Age
17:49 Hand Cart
18:09 Bow Saw
20:24 Caravan
24:00 Heavy Plow
24:54 Gold Shaft Mining
27:46 Imperial Age
27:50 Elite Janissary
28:52 Conscription
29:22 Ballistics
29:19 Fortified Wall
29:43 Town Watch
29:57 Murder Holes
31:31 Two-Man Saw
31:46 Padded Archer Armor
34:01 Leather Archer Armor
434529096
1:27 Loom
8:33 Feudal Age
9:17 Double-Bit Axe
14:47 Castle Age
14:23 Horse Collar
18:38 Bow Saw
20:05 Stone Mining
20:08 Gold Mining
20:39 Caravan
22:02 Wheelbarrow
21:12 Town Watch
21:31 Heavy Plow
26:09 Hand Cart
27:57 Forging
31:05 Imperial Age
29:14 Iron Casting
28:40 Scale Mail Armor
29:14 Town Patrol
29:51 Anarchy
29:54 Squires
29:50 Fletching
29:47 Pikeman
32:29 Crop Rotation
33:03 Two-Man Saw
33:09 Blast Furnace
32:25 Chain Mail Armor
32:05 Bodkin Arrow
32:14 Perfusion
32:34 Conscription
32:07 Halberdier
34:05 Elite Huskarl
Asturon
7:54 Feudal Age
8:54 Double-Bit Axe
8:52 Horse Collar
13:17 Castle Age
11:55 Loom
14:24 Bow Saw
18:03 Gold Mining
18:18 Heavy Plow
19:28 Wheelbarrow
20:32 Fervor
20:43 Sanctity
22:14 Hand Cart
25:03 Imperial Age
23:27 Inquisition
23:54 Hand Cart
23:47 Stone Mining
24:41 Padded Archer Armor
24:58 Caravan
25:22 Husbandry
25:33 Bloodlines
26:50 Illumination
27:03 Theocracy
27:05 Conscription
26:51 Town Watch
31:45 Block Printing
31:29 Elite Conquistador
34:57 Leather Archer Armor
34:54 Forging
34:49 Scale Barding Armor
34:08 Light Cavalry
GENTILLESSE
7:40 Loom
9:26 Feudal Age
11:53 Double-Bit Axe
15:56 Wheelbarrow
17:31 Castle Age
16:45 Horse Collar
17:04 Gold Mining
28:00 Gold Shaft Mining
27:16 Stone Mining
27:38 Scale Barding Armor
30:10 Imperial Age
27:57 Hand Cart
28:57 Chain Barding Armor
34:12 Bow Saw
Kibyra
6:08 Loom
9:09 Feudal Age
9:32 Double-Bit Axe
9:42 Town Watch
9:41 Horse Collar
11:06 Gold Mining
17:31 Castle Age
15:28 Arson
18:07 Pikeman
20:28 Husbandry
22:02 Stone Mining
24:20 Bloodlines
27:23 Kamandaran
32:45 Imperial Age
30:55 Wheelbarrow
29:59 Crossbowman
31:55 Forging
32:18 Murder Holes
32:44 Ballistics
32:18 Fletching
32:37 Padded Archer Armor
33:39 Bow Saw
34:07 Iron Casting
33:40 Scale Barding Armor
34:22 Conscription
33:39 Halberdier
34:21 Squires
pascapas
0:43 Loom
7:51 Feudal Age
9:06 Horse Collar
9:28 Double-Bit Axe
16:56 Castle Age
16:00 Fletching
16:21 Forging
18:39 Pikeman
19:21 Squires
20:21 Crossbowman
22:42 Wheelbarrow
21:55 Town Watch
23:26 Bow Saw
25:41 Iron Casting
25:09 Scale Mail Armor
25:06 Bodkin Arrow
25:16 Great Wall
26:08 Thumb Ring
27:46 Padded Archer Armor
28:01 Chain Mail Armor
31:28 Imperial Age
29:52 Ballistics
30:41 Gold Mining
34:33 Blast Furnace
34:04 Plate Mail Armor
33:35 Bracer
Okan Caliskan
3:50 Loom
7:10 Feudal Age
8:11 Horse Collar
8:18 Double-Bit Axe
17:04 Castle Age
17:48 Forging
17:39 Scale Mail Armor
19:02 Scale Barding Armor
18:48 Fletching
21:14 Tusk Swords
24:24 Stone Mining
25:36 Bow Saw
25:38 Heavy Plow
28:39 Wheelbarrow
27:54 Pikeman
30:39 Elite Skirmisher
31:48 Chain Barding Armor
31:44 Chain Mail Armor
32:04 Iron Casting
36:06 Imperial Age
Connection lost

Rejoining the realm…

Still unreachable

The connection could not be restored.

Session expired

The server has moved on; the page needs a fresh start.